 Dungeon Crawl Stone Soup version 0.29.1-1-gd02db6906a (webtiles) character file.

Game seed: 902600716586750525

117 Sabo the Ducker (level 4, -1/40 HPs)
             Began as a Troll Air Elementalist on Sept 15, 2022.
             Was an Initiate of Gozag.
             Slain by an orc
             ... wielding a +0 hand axe
              (2 damage)
             ... on level 3 of the Dungeon.
             The game lasted 00:19:21 (2900 turns).

Sabo the Ducker (Troll Air Elementalist)            Turns: 2900, Time: 00:19:23

Health: -1/40      AC:  5    Str: 16    XL:     4   Next: 71%
Magic:  0/5        EV: 10    Int: 13    God:    Gozag
Gold:   279        SH:  0    Dex: 10    Spells: 5/6 levels left

rFire   . . .      SeeInvis .   q - +0 mace
rCold   . . .      Faith    .   (no shield)
rNeg    . . .      Spirit   .   a - +0 robe
rPois   .          Reflect  .   (helmet restricted)
rElec   .          Harm     .   h - +0 cloak
rCorr   .          Rampage  .   (gloves unavailable)
Will    .....                   (boots unavailable)
Stlth   +.........              (no amulet)
HPRegen 0.93/turn               (no ring)
MPRegen 0.09/turn               (no ring)

@: lethally poisoned (-1 -> -3), gold aura
A: large, unfitting armour, claws 3, regeneration 1, shaggy fur 1, tough skin 1
a: Renounce Religion, Potion Petition, Call Merchant, Bribe Branch


You were on level 3 of the Dungeon.
You worshipped Gozag.
Gozag was aware of your devotion.
You visited 1 branch of the dungeon, and saw 3 of its levels.

You collected 279 gold pieces.

Inventory:

Hand Weapons
 d - a +0 halberd
 q - a +0 mace (weapon)
 t - a +0 hand axe
Missiles
 r - 6 poisoned darts (quivered)
Armour
 a - a +0 robe (worn)
 h - a +0 cloak (worn)
Jewellery
 f - a ring of fire
Scrolls
 m - a scroll of teleportation
 n - a scroll of fog
 o - a scroll of noise {unknown}
 p - a scroll of torment {unknown}
 s - a scroll of amnesia {unknown}
 u - a scroll of summoning {unknown}
Potions
 b - a potion of magic
 c - 2 potions of mutation {unknown}
 e - 2 potions of degeneration {unknown}
 g - 2 potions of curing
 i - a potion of heal wounds {unknown}
 j - 5 potions of lignification {unknown}
 k - a potion of attraction {unknown}
 l - 3 potions of might {unknown}


   Skills:
 + Level 0.4 Fighting
 + Level 1.4 Maces & Flails
 + Level 2.3 Dodging
 + Level 1.3 Stealth
 + Level 0.1 Unarmed Combat
 + Level 1.7 Spellcasting
 + Level 1.0 Conjurations
 + Level 2.3 Air Magic


You had 5 spell levels left.
You knew the following spells:

 Your Spells              Type           Power      Damage    Failure   Level
a - Shock                 Conj/Air       20%        1d4       13%         1

Your spell library contained the following spells:

 Spells                   Type           Power      Damage    Failure   Level
 Static Discharge         Conj/Air       5%         3-4/arc   21%         2
 Swiftness                Air            7%         N/A       30%         3
 Airstrike                Air            3%         2d(1-17)  71%         4


Dungeon Overview and Level Annotations

Branches:
Dungeon (3/15)

Altars:
Gozag
Makhleb


Innate Abilities, Weirdness & Mutations

You are too large for most types of armour.
You have claws for hands.
Your natural rate of healing is unusually fast.
You are covered in fur. (AC +1)
You have tough skin. (AC +1)


Message History

You feel sick. The orc barely misses you.
The orc is distracted by your dazzling golden aura.
The quokka is distracted by your dazzling golden aura.
The rat barely misses you.
It was a potion of curing.
You feel better.
The orc is no longer distracted by gold.
The orc barely misses you. The orc misses you. The rat bites you.
Casting: Shock (safe; 13% risk of failure)
Confirm with . or Enter, or press ? or * to list all spells.
You don't have enough magic to cast this spell.
You closely miss the orc.
The orc is almost dead.
The quokka is no longer distracted by gold.
The orc hits you from afar with a +1 trident of venom!
* * * LOW HITPOINT WARNING * * *
You are lethally poisoned!
The orc hits you but does no damage. The rat barely misses you.
The orc hits you from afar with a +1 trident of venom.
* * * LOW HITPOINT WARNING * * *
You are more poisoned.
A giant cockroach comes into view.
The orc hits you with a +0 club.
* * * LOW HITPOINT WARNING * * *
You feel better. The rat bites you but does no damage.
The orc hits you with a +0 hand axe.
* * * LOW HITPOINT WARNING * * *
The orc hits you from afar with a +1 trident of venom.
* * * LOW HITPOINT WARNING * * *
You are poisoned.
The orc is distracted by your dazzling golden aura.
The orc shouts!
You closely miss the rat.
* * * LOW HITPOINT WARNING * * *
You feel very sick.
The orc is no longer distracted by gold.
The rat bites you.
* * * LOW HITPOINT WARNING * * *
The orc hits you with a +0 hand axe.
You die...
Your body crumbles into a pile of gold.

#..<........##...
.......#...........####.
.......#..oo.oo..[.# ##
.........####.###o.#
.......+##~ ### #o.#
..... ~~ #..# ##...#r
#o.# ####..or## ###
#..#####
.......@$####.###....>..
####..##oo..........####
#. #............# #
#......./....#
#............#
#............#
.....)......#.#
############.#.# ###.#


You could see 3 orcs, a quokka and a rat.

Vanquished Creatures
  An adder (D:2)
  4 gnolls (D:3)
  A dart slug (D:1)
  2 orcs (D:3)
  A ball python (D:1)
  5 bats
  3 endoplasms
  15 giant cockroaches
  7 goblins
  4 hobgoblins
  A jackal (D:1)
  5 kobolds
  2 quokkas
  3 frilled lizards
  4 rats
58 creatures vanquished.

Notes
Turn   | Place    | Note
-------+----------+-------------------------------------------
     0 | D:1      | Sabo the Troll Air Elementalist began the quest for the
                  | Orb.
     0 | D:1      | Reached XP level 1. HP: 16/16 MP: 1/1
   310 | D:1      | Reached XP level 2. HP: 19/24 MP: 3/3
  1014 | D:1      | Reached XP level 3. HP: 31/31 MP: 2/4
  1289 | D:1      | Found a faded altar of an unknown god.
  1435 | D:1      | Prayed at the altar of an unknown god.
  1435 | D:1      | Became a worshipper of Gozag Ym Sagoz the Greedy
  1798 | D:2      | Found a burning altar of Makhleb.
  2051 | D:2      | Reached skill level 1 in Maces & Flails
  2573 | D:3      | Reached XP level 4. HP: 31/40 MP: 0/5
  2592 | D:3      | Reached skill level 1 in Conjurations
  2900 | D:3      | HP: 1/40 [rat (2)]
  2900 | D:3      | Slain by an orc

Illustrated notes

Levels and vault maps discovered:
D:1:      saegor_arrival_fortress, layout_basic,
          dilly_ecumenical_altar_fadedgnrine, minmay_octomino_e4
D:2:      minmay_roachtagon, layout_loops_ring, basic_altar
D:3:      layout_basic, serial_shops, nicolae_shop_waterfront,
          gup_sewer_entry_bowl, guppyfry_early_lair_pool

Skill      XL: |  1  2  3  4 |
---------------+-------------+-----
Dodging        | 2 |  2.3
Maces & Flails | 1 |  1.4
Conjurations   | 1 |  1.0
Fighting       | |  0.4
Stealth        | |  1.3
Unarmed Combat | |  0.1
Spellcasting   | |  1.7
Air Magic      | |  2.3

Action                   |  1- 3 |  4- 6 || total
-------------------------+-------+-------++-------
Melee: Whip              |    85 |       ||    85
       Unarmed           |    18 |       ||    18
       Mace              |    63 |    42 ||   105
       Punch             |     1 |     1 ||     2
 Cast: Shock             |    42 |     7 ||    49
  Use: Scroll            |     3 |       ||     3
       Potion            |       |     2 ||     2
 Stab: Sleeping          |     3 |       ||     3
Armor: Robe              |   102 |    28 ||   130
Dodge: Dodged            |   114 |    59 ||   173
